 Dungeon Crawl Stone Soup version 0.30-a0-534-gdc55766716 (console) character file.

Game seed: 1208779927939985252

26767 jejorda2 the Phalangite (level 13, -2/160 HPs)
             Began as a Merfolk Berserker on Dec 24, 2022.
             Was a High Priest of Trog.
             Succumbed to a swamp dragon's poison gas
             ... on level 13 of the Dungeon.
             The game lasted 00:39:18 (14788 turns).

jejorda2 the Phalangite (Merfolk Berserker)        Turns: 14788, Time: 00:39:18

Health: -2/160     AC: 26    Str: 20    XL:     13   Next: 28%
Magic:  13/13      EV: 12    Int: 13    God:    Trog [*****.]
Gold:   668        SH:  0    Dex: 16    Spells: 12/12 levels left

rFire   . . .      SeeInvis .    a - +10 bardiche of Faze {protect, Int+7}
rCold   . . .      Faith    +    (shield currently unavailable)
rNeg    . . .      Spirit   .    H - +0 plate armour
rPois   .          Reflect  .    (no helmet)
rElec   .          Harm     .    R - +2 cloak
rCorr   .          Rampage  .    (no gloves)
Will    .....                    (no boots) Stlth
                                 I - amulet of faith
HPRegen 0.46/turn                C - +4 ring of evasion
MPRegen 0.13/turn                Q - +4 ring of protection

@: berserking (expiring), lethally poisoned (-2 -> -77), under a protective
aura, very quick
A: (nimble swimmer 2), mertail
a: Renounce Religion, Berserk, Trog's Hand, Brothers in Arms


You were on level 13 of the Dungeon.
You worshipped Trog.
Trog was extremely pleased with you.
You visited 1 branch of the dungeon, and saw 13 of its levels.
You also visited: Ossuary.

You collected 767 gold pieces.
You spent 99 gold pieces at shops.

Inventory:

Hand Weapons
 a - the +10 bardiche of Faze (weapon) {protect, Int+7}
   (You acquired it on level 8 of the Dungeon)

   It grants its wielder temporary protection when it strikes (+7 to AC).
   Int:       It affects your intelligence (+7).
 b - a +0 vorpal trident
 J - a +4 antimagic halberd
Missiles
 c - 68 stones
 i - 21 poisoned darts (quivered)
 o - 14 boomerangs
 A - 3 atropa-tipped darts
 G - 3 throwing nets
 S - 2 curare-tipped darts
Armour
 H - a +0 plate armour (worn)
 R - a +2 cloak (worn)
Jewellery
 m - a ring of ice
 r - a +6 ring of strength
 x - a ring of flight
 C - a +4 ring of evasion (left hand)
 I - an amulet of faith (around neck)
 Q - a +4 ring of protection (right hand)
Wands
 e - a wand of paralysis (15)
 f - a wand of digging (6)
 D - a wand of flame (43)
 K - a wand of mindburst (5)
 P - a wand of acid (15)
 T - a wand of roots (3)
Scrolls
 d - 8 scrolls of teleportation
 l - 2 scrolls of blinking
 n - 3 scrolls of vulnerability
 u - 4 scrolls of amnesia {unknown}
 w - 4 scrolls of immolation {unknown}
 y - 2 scrolls of poison
 z - 3 scrolls of fog {unknown}
 E - 2 scrolls of fear
 F - 3 scrolls of summoning
 L - a scroll of magic mapping
Potions
 g - 2 potions of magic
 h - 2 potions of flight
 j - a potion of heal wounds
 k - 2 potions of invisibility
 p - 8 potions of curing
 q - 2 potions of haste
 s - 2 potions of lignification
 t - 3 potions of berserk rage
 v - 4 potions of mutation
 B - 4 potions of resistance
 M - 2 potions of might
 N - a potion of attraction
 O - 3 potions of cancellation


   Skills:
 + Level 11.9 Fighting
 + Level 21.0 Polearms
 - Level 6.0 Armour
 - Level 6.0 Dodging
 - Level 6.0 Evocations


You had 12 spell levels left.
You didn't know any spells.
Your spell library was empty.

Dungeon Overview and Level Annotations

Branches:
Dungeon (13/15)            Temple (0/1) D:4            Lair (0/5) D:8
    Orc (0/2) D:10        Ossuary (visited)
 Vaults: D:13-14

Altars:
Dithmenos
Fedhas
Makhleb
Nemelex Xobeh
Trog
Vehumet
Wu Jian
Xom
Yredelemnul

Shops:
D:3 ?   D:4 =   D:7 =   D:12 (

Annotations:
D:7 3 runed translucent doors, snackwell's ghost, novice DsRe


Innate Abilities, Weirdness & Mutations

((You are very nimble when in or above water. (Stealth+, EV+, Speed+++)))
Your lower body shifts to a powerful aquatic tail in water.


Message History

You feel yourself moving faster!
You feel mighty!
You are engulfed in poison gas.
You are more poisoned.
You feel extremely sick. The swamp dragon closely misses you. x2
The swamp dragon tramples you but does no damage.
You barely miss the swamp dragon.
The swamp dragon is heavily wounded.
You are engulfed in poison gas.
You are more poisoned.
* * * LOW HITPOINT WARNING * * *
You feel extremely sick. The swamp dragon barely misses you. x2
The swamp dragon tramples you but does no damage.
You barely miss the swamp dragon.
The swamp dragon is heavily wounded.
You are engulfed in poison gas.
You are more poisoned.
* * * LOW HITPOINT WARNING * * *
You feel extremely sick.
You completely miss the swamp dragon.
The swamp dragon is heavily wounded.
You are engulfed in poison gas.
You are more poisoned.
* * * LOW HITPOINT WARNING * * *
x2 You feel extremely sick.
The swamp dragon barely misses you. x3
You slice the swamp dragon!!
The swamp dragon is almost dead.
You are engulfed in poison gas.
You are more poisoned.
* * * LOW HITPOINT WARNING * * *
You feel extremely sick. The swamp dragon closely misses you.
The swamp dragon claws you but does no damage.
The swamp dragon tramples you.
* * * LOW HITPOINT WARNING * * *
You hold your ground!
You are too berserk!
You die...

..!.... #.... ...... #...#
.....######...#
#########............#
#.......#.....H......#
#.......#....9.c.<{..###
..#...°○$.#...............
......†°°.#...######......
####....°@#...# #......
#)).###.°D#...# #......
/$# ##°c'...# #...... ?
#..#...# #...... #..#...#
#......
.#.....######......
.#.....(...........
..#...........######
#...........#


You could see a swamp dragon and a centaur warrior.

Vanquished Creatures
  Kirke (D:12)
  Azrael (D:12)
  Erolcha (D:11)
  4 two-headed ogres
  2 centaur warriors (D:13)
  3 boulder beetles
  A harpy (shapeshifter) (D:13)
  An ugly thing (D:13)
  3 manticores
  3 cyclopes
  The ghost of BadToken the Trooper, a novice MiBe of Trog (D:5)
  Joseph (D:7)
  An unseen horror (D:10)
  An unseen horror (shapeshifter) (D:12)
  Maggie (D:7)
  2 unseen horror zombies (D:9)
  2 kobold demonologists
  2 trolls (D:13)
  2 tengu conjurers (D:13)
  Prince Ribbit (D:6)
  5 slime creatures (D:13)
  2 shadows (D:12)
  6 yaks (D:9)
  A wyvern (D:11)
  A yak (shapeshifter) (D:13)
  A spriggan (shapeshifter) (D:11)
  10 vampire mosquitoes (D:12)
  5 fire elementals (D:12)
  Grum (D:11)
  3 hogs (D:12)
  A steam dragon (D:7)
  An acid dragon (D:8)
  2 water moccasins
  Duvessa (D:7)
  3 hell hounds (D:12)
  9 orc warriors
  An ice beast (D:4)
  A black bear (D:5)
  2 hornet zombies (Ossuary)
  3 centaurs
  2 wolves (D:11)
  3 ogres
  2 kobold brigands
  3 bullfrogs
  3 wyvern zombies (Ossuary)
  3 gnoll sergeants
  5 scorpions
  A necrophage (D:7)
  A water moccasin zombie (D:5)
  A wyvern skeleton (D:5)
  7 wights (D:8)
  Dowan (D:7)
  10 killer bees
  9 howler monkeys
  10 centaur zombies
  3 bullfrog zombies
  10 hounds
  4 orc priests
  Crazy Yiuf (D:7)
  2 jellies
  4 gnoll boudas (D:6)
  2 iguanas (D:5)
  9 orc wizards
  6 killer bee zombies (Ossuary)
  15 mummies (Ossuary)
  4 howler monkey zombies (D:9)
  24 gnolls
  11 adders
  2 shadow imps (D:7)
  2 white imps
  An ufetubus (D:5)
  A worm (D:3)
  3 dart slugs
  33 orcs
  3 bats (D:1)
  7 endoplasms
  6 giant cockroaches
  5 goblins
  2 hobgoblins
  11 jackals
  10 kobolds
  3 quokkas
  10 ball pythons
  6 frilled lizards
  3 rats
357 creatures vanquished.

Vanquished Creatures (collateral kills)
  A manticore (D:13)
1 creature vanquished.

Vanquished Creatures (others)
  A human (D:12)
  A fungus (D:1)
  6 withered plants (Ossuary)
8 creatures vanquished.

Grand Total: 366 creatures vanquished

Notes
Turn   | Place    | Note
-------+----------+-------------------------------------------
     0 | D:1      | jejorda2 the Merfolk Berserker began the quest for the Orb.
     0 | D:1      | Reached XP level 1. HP: 18/18 MP: 1/1
   151 | D:1      | Reached XP level 2. HP: 24/24 MP: 2/2
   434 | D:1      | Reached XP level 3. HP: 29/29 MP: 3/3
   652 | D:1      | Found a faded altar of an unknown god.
   738 | D:2      | Reached skill level 5 in Polearms
   759 | D:2      | Reached ** piety under Trog
  1039 | D:2      | Found a sparkling altar of Nemelex Xobeh.
  1965 | D:3      | Reached XP level 4. HP: 37/37 MP: 4/4
  2309 | D:3      | Found a bloodstained altar of Trog.
  2392 | D:3      | Reached skill level 6 in Polearms
  2392 | D:3      | Reached XP level 5. HP: 42/42 MP: 5/5
  2596 | D:3      | Found Xyoch's Magic Scroll Boutique.
  2604 | D:3      | Bought a scroll of teleportation for 33 gold pieces
  2604 | D:3      | Bought a scroll of identify for 22 gold pieces
  2604 | D:3      | Bought a scroll of poison for 44 gold pieces
  2842 | D:4      | Noticed an ice beast
  2862 | D:4      | Killed an ice beast
  2863 | D:4      | Reached XP level 6. HP: 49/49 MP: 6/6
  2938 | D:4      | Found a staircase to the Ecumenical Temple.
  3145 | D:4      | Found Bair's Jewellery Emporium.
  3156 | D:4      | Found a radiant altar of Vehumet.
  3281 | D:4      | Found an ornate altar of the Wu Jian Council.
  3421 | D:4      | Found a blossoming altar of Fedhas.
  3502 | D:5      | Entered Level 5 of the Dungeon
  3536 | D:5      | Reached skill level 7 in Polearms
  3640 | D:5      | Reached skill level 5 in Dodging
  3697 | D:5      | Reached skill level 5 in Fighting
  3697 | D:5      | Reached XP level 7. HP: 56/56 MP: 7/7
  3897 | D:5      | Reached skill level 8 in Polearms
  4536 | D:5      | Found a runed translucent gate.
  4536 | D:5      | Found a runed translucent gate.
  4538 | D:5      | Found a runed translucent gate.
  4541 | D:5      | Noticed BadToken's ghost (novice MiBe)
  4566 | D:5      | Reached skill level 9 in Polearms
  4582 | D:5      | Killed BadToken's ghost
  4583 | D:5      | Reached skill level 10 in Polearms
  4583 | D:5      | Reached XP level 8. HP: 43/64 MP: 8/8
  4593 | D:5      | Reached skill level 11 in Polearms
  5245 | D:6      | Noticed Prince Ribbit
  5251 | D:6      | Killed Prince Ribbit
  5298 | D:6      | Reached skill level 12 in Polearms
  5302 | D:6      | Reached *** piety under Trog
  5315 | D:6      | Reached XP level 9. HP: 48/69 MP: 9/9
  5646 | D:6      | Reached skill level 13 in Polearms
  5677 | D:6      | Identified the amulet of Imneif {Reflect rN+ Dex-5 SH+5
                  | SInv}
  6081 | D:6      | Reached **** piety under Trog
  6240 | D:6      | You fall into a shaft and drop 3 floors!
  6276 | D:9      | Found a shadowy altar of Dithmenos.
  6294 | D:9      | Reached skill level 14 in Polearms
  6331 | D:9      | Reached XP level 10. HP: 59/76 MP: 10/10
  6339 | D:9      | Reached skill level 15 in Polearms
  6582 | D:8      | Found a sparkling altar of Nemelex Xobeh.
  6634 | D:8      | Reached skill level 5 in Armour
  6670 | D:8      | Found a sand-covered staircase.
  6683 | D:8      | Reached skill level 16 in Polearms
  6726 | Ossuary  | Entered an ossuary
  7037 | Ossuary  | Reached ***** piety under Trog
  7126 | Ossuary  | Reached skill level 1 in Evocations
  7308 | D:8      | Found a staircase to the Lair.
  7363 | D:7      | Found Pyica's Jewellery Shop.
  7466 | D:7      | Noticed Maggie
  7471 | D:7      | Noticed Joseph
  7473 | D:7      | Killed Maggie
  7475 | D:7      | Found a runed translucent gate.
  7475 | D:7      | Found a runed translucent gate.
  7477 | D:7      | Noticed snackwell's ghost (novice DsRe)
  7485 | D:7      | Killed Joseph
  7486 | D:7      | Reached XP level 11. HP: 79/81 MP: 11/11
  7525 | D:7      | Found a runed translucent gate.
  7635 | D:7      | Reached skill level 17 in Polearms
  7787 | D:7      | Noticed Dowan
  7792 | D:7      | Noticed Duvessa
  7793 | D:7      | Killed Dowan
  7800 | D:7      | Killed Duvessa
  8100 | D:7      | Found a runed translucent door.
  8101 | D:7      | Noticed Crazy Yiuf
  8231 | D:7      | Killed Crazy Yiuf
  8568 | D:8      | Identified a scroll of acquirement
  8569 | D:8      | Acquired the +10 bardiche of Faze {protect, Int+7}
  8758 | D:9      | Received a gift from Trog
  8985 | D:9      | Found a basalt altar of Yredelemnul.
  9258 | D:9      | Noticed a two-headed ogre
  9266 | D:9      | Killed a two-headed ogre
  9526 | D:10     | Entered Level 10 of the Dungeon
  9751 | D:10     | Noticed a two-headed ogre
  9768 | D:10     | Killed a two-headed ogre
  9769 | D:10     | Reached skill level 5 in Evocations
  9911 | D:10     | Noticed a two-headed ogre
  9915 | D:10     | Killed a two-headed ogre
  9965 | D:10     | Found a staircase to the Orcish Mines.
 10097 | D:10     | Reached skill level 18 in Polearms
 10298 | D:10     | Identified the +7 long sword of Vexoob {freeze, rN++ Str+6
                  | Stlth-}
 10348 | D:10     | Found a burning altar of Makhleb.
 10491 | D:11     | Noticed a boulder beetle
 10549 | D:11     | Killed a boulder beetle
 10897 | D:11     | Noticed Grum
 10906 | D:11     | Killed Grum
 10933 | D:11     | Noticed Erolcha
 10939 | D:11     | Killed Erolcha
 11274 | D:11     | Reached XP level 12. HP: 92/92 MP: 12/12
 11764 | D:12     | Found Ejooseif's Antique Weapon Emporium.
 11806 | D:12     | Reached skill level 19 in Polearms
 12139 | D:12     | Noticed Kirke
 12164 | D:12     | Killed Kirke
 12275 | D:12     | Found a shimmering altar of Xom.
 12784 | D:12     | Received a gift from Trog
 12799 | D:12     | Noticed Azrael
 12814 | D:12     | Killed Azrael
 13212 | D:12     | Reached skill level 10 in Fighting
 13420 | D:13     | Noticed a two-headed ogre
 13425 | D:13     | Killed a two-headed ogre
 13426 | D:13     | Reached skill level 20 in Polearms
 13449 | D:13     | Noticed a centaur warrior
 13623 | D:13     | Killed a centaur warrior
 13712 | D:13     | Noticed a boulder beetle
 13723 | D:13     | Killed a boulder beetle
 13817 | D:13     | Identified the +4 falchion of Kyxol {pain, rC+ rCorr}
 13857 | D:13     | Noticed a boulder beetle
 13868 | D:13     | Killed a boulder beetle
 13942 | D:13     | Reached XP level 13. HP: 80/106 MP: 13/13
 14716 | D:13     | Reached skill level 21 in Polearms
 14787 | D:13     | HP: 8/160 [swamp dragon (shapeshifter) (6)]
 14788 | D:13     | Succumbed to a swamp dragon's poison gas

Illustrated notes

Levels and vault maps discovered:
D:1:      dpeg_arrival_prison, layout_rooms,
          dreamdust_ecumenical_altar_hidden_monk_grotto
D:2:      layout_basic, basic_altar, patterned_corridor
D:3:      layout_basic, lemuel_coloured_pillars_altar, serial_shops,
          nicolae_lakefront_shop
D:4:      layout_loops_ring, nicolae_overflow_crystal_walls,
          fedhas_altar_fruit_tree, nzn_wu_jian_contemplation,
          minmay_temple_entry_wispy, serial_shops, kennysheep_mini,
          minmay_manual_mess
D:5:      minmay_bubble_buster, layout_loops_ring, gammafunk_ghost_necromancy
D:6:      wander_river, layout_cave_pools, serial_gnoll_camp,
          gnoll_camp_mini_doghouse, gnoll_camp_medium_02, gnoll_camp_mini_hut,
          gnoll_camp_mini_basic, gnoll_camp_mini_doghouse, gnoll_camp_mini_hut,
          uniq_prince_ribbit1
D:7:      minmay_recursive_quarters, layout_basic, gammafunk_ghost_split,
          serial_shops, nicolae_shop_hallway_stairs, uniq_duvessa,
          uniq_crazy_yiuf_cottage, uniq_maggie, uniq_joseph
D:8:      layout_rooms, nemelex_xobeh_ov_fountains_minmay, lair_entry_dummy,
          enter_ossuary_2
D:9:      layout_grid_maze, nicolae_dithmenos_through_a_glass_darkly,
          nicolae_yredelemnul_corpse_copse
D:10:     layout_big_octagon, mainiacjoe_overflow_alcove_1, david_orc_1_choice
D:11:     layout_grid_maze, uniq_grum, uniq_erolcha
D:12:     layout_gridville, serial_shops, shop, minmay_misc_feat_rows,
          xom_teletrap_fun, uniq_kirke, uniq_azrael
D:13:     layout_irregular_city, minmay_alternating_orb

Skill      XL: |  1  2  3  4  5  6  7  8  9 10 11 12 13 |
---------------+----------------------------------------+-----
Dodging        | 3 4 5 6 |  6.0
Polearms       | 5 6 7 10 12 14 16 18 20 21 | 21.0
Fighting       | 4 5 6 7 11 | 11.9
Armour         | 2 4 5 6 |  6.0
Evocations     | 2 6 |  6.0

Action                   |  1- 3 |  4- 6 |  7- 9 | 10-12 | 13-15 || total
-------------------------+-------+-------+-------+-------+-------++-------
Melee: Spear             |   149 |   131 |       |       |       ||   280
       Punch             |       |     1 |     3 |       |       ||     4
       Trident           |       |    32 |   133 |       |       ||   165
       Halberd           |       |       |   252 |   314 |       ||   566
       Tailslap          |       |       |       |     9 |       ||     9
       Bardiche          |       |       |       |   288 |    65 ||   353
Throw: Stone             |       |       |    14 |     8 |       ||    22
       Dart              |       |       |       |    19 |       ||    19
Invok: Berserk           |     2 |     5 |     6 |     7 |     1 ||    21
       Trog's Hand       |       |     2 |     3 |     7 |     1 ||    13
       Brothers in Arms  |       |       |       |       |     1 ||     1
Evoke: Wand              |       |       |       |     2 |       ||     2
  Use: Scroll            |       |     7 |     5 |    14 |     3 ||    29
       Potion            |       |       |       |       |     3 ||     3
 Stab: Sleeping          |     2 |       |       |       |       ||     2
       Distracted        |       |       |       |     1 |       ||     1
       Paralysed         |       |       |       |     5 |       ||     5
Armor: Animal skin       |    16 |       |       |       |       ||    16
       Ring mail         |     2 |       |       |       |       ||     2
       Scale mail        |       |    29 |    26 |       |       ||    55
       Chain mail        |       |       |    62 |   112 |       ||   174
       Plate armour      |       |       |       |   161 |    61 ||   222
Dodge: Dodged            |    86 |    55 |   242 |   351 |    45 ||   779
       Repelled          |       |     1 |       |     3 |       ||     4
Block: Other             |       |       |     6 |       |       ||     6

Table legend: (Time is in decaauts)
 A = Elapsed time spent in this place.
 B = Non-inter-level travel time spent in this place.
 C = Inter-level travel time spent in this place.
 D = Time resting spent in this place.
 E = Time spent auto-exploring this place.
 F = Levels seen in this place.
 G = Mean time per level.
                   A        B        C        D        E       F      G
               +--------+--------+--------+--------+--------+-----+--------+
         Total |  14697 |  14045 |    652 |   1846 |   9629 |  14 | 1049.8 |
       Dungeon |  14224 |  13572 |    652 |   1802 |   9402 |  13 | 1094.2 |
       Ossuary |    473 |    473 |      0 |     43 |    227 |   1 |  473.0 |
               +--------+--------+--------+--------+--------+-----+--------+

Top non-repeatable levels by time:
    D:12: 2161 daAuts
     D:5: 1744 daAuts
    D:11: 1367 daAuts
     D:2: 1195 daAuts
     D:9: 1165 daAuts
     D:6: 1105 daAuts
     D:7: 1031 daAuts
     D:3: 861 daAuts
    D:13: 829 daAuts
    D:10: 814 daAuts
     D:4: 717 daAuts
     D:1: 698 daAuts
     D:8: 532 daAuts
 Ossuary: 473 daAuts
